 Dungeon Crawl Stone Soup version 0.23.2-1-ga50397a (webtiles) character file.

Game seed: 16967760100057436527

1059 dvd the Skirmisher (level 8, -7/67 (68) HPs)
             Began as a Ghoul Fighter on May 24, 2019.
             Mangled by a yak (11 damage)
             ... on level 3 of the Dungeon.
             The game lasted 00:08:21 (3260 turns).

dvd the Skirmisher (Ghoul Fighter)                  Turns: 3260, Time: 00:08:22

HP:   -7/67 (68)    AC:  8    Str: 20    XL:     8   Next: 27%
MP:   7/7           EV:  8    Int:  3    God:
Gold: 208           SH:  9    Dex: 10    Spells: 7/7 levels left

rFire    . . .     SeeInvis .   a - +0 war axe
rCold    + . .     Gourm    .   c - +0 shield
rNeg     + + +     Faith    .   j - +0 scale mail
rPois    ∞         Spirit   .   w - +0 helmet
rElec    .         Reflect  .   (no cloak)
rCorr    .         Harm     .   (no gloves)
MR       .....                  (no boots)
Stlth    ..........             (no amulet)
HPRegen  0.00/turn              (no ring)
MPRegen  0.10/turn              (no ring)

@: rotting
A: rotting body, claws 1, carnivore, cold resistance 1, negative energy
resistance 3, inhibited regeneration, torment resistance, unbreathing
a: no special abilities


You were on level 3 of the Dungeon.
You were not hungry.

You visited 1 branch of the dungeon, and saw 4 of its levels.

You collected 208 gold pieces.

Inventory:

Hand Weapons
 a - a +0 war axe (weapon)
 e - a +2 short sword of speed
Armour
 c - a +0 shield (worn)
 j - a +0 scale mail (worn)
 w - a +0 helmet (worn)
Wands
 h - a wand of acid (7)
 u - a wand of disintegration (3)
Scrolls
 g - a scroll of random uselessness {unknown}
 k - 3 scrolls of teleportation {unknown}
 m - 3 scrolls of identify {unknown}
 n - 4 scrolls of remove curse {unknown}
 o - 2 scrolls of enchant weapon {unknown}
 p - a scroll of immolation {unknown}
 s - a scroll of amnesia {unknown}
 y - a scroll of fear {unknown}
Potions
 b - a potion of flight {unknown}
 d - a potion of might
 i - a potion of magic {unknown}
 l - 2 potions of agility {unknown}
 q - a potion of haste {unknown}
 r - a potion of berserk rage {unknown}
 t - a potion of curing {unknown}
 v - a potion of degeneration {unknown}
Comestibles
 f - 7 rations


   Skills:
 + Level 5.3 Fighting
 + Level 5.2 Axes
 + Level 4.6 Armour
 + Level 2.0 Dodging
 + Level 4.9 Shields


You had 7 spell levels left.
You didn't know any spells.
Your spell library was empty.

Dungeon Overview and Level Annotations

Branches:
Dungeon (4/15)
 Temple: D:4-7

Altars:
Fedhas
Ru
Sif Muna


Innate Abilities, Weirdness & Mutations

Your body is rotting away.
You thrive on raw meat.
You are immune to poison.
You have sharp fingernails.
You are carnivorous and can eat meat at any time.
Your flesh is cold resistant. (rC+)
You are immune to negative energy. (rN+++)
You do not regenerate when monsters are visible.
You are immune to unholy pain and torment.
You can survive without breathing.


Message History

The yak is heavily wounded.
The yak gores you!
You hit the yak.
The yak is heavily wounded.
The yak gores you but does no damage.
You hit the yak but do no damage.
The yak is heavily wounded.
The yak gores you.
* * * LOW HITPOINT WARNING * * *
You block the yak's attack.
Your shield and scale mail prevent you from hitting the yak.
The yak is heavily wounded.
The yak gores you!
* * * LOW HITPOINT WARNING * * *
Okay, then.
Unknown command.
You see here a robe.
There is a stone staircase leading up here.
The yak gores you!
You die...

#####.###.###### #.#.# #.....#
#......# #.#.#
####.###.###.####.# #.#.# .....#
#.....# #.# #.#.# ####.#####.###
#.###########.#.# ###.#.## #...#
#.##..........#.#
##.###.###.#.####.##.##########.#
...# ##>÷..#.##.([...##########.#
...###.####[..#Y@..(.#..........#
....#....))..Y......>#)##########
####.######...#.....##.# #
#.....###........##.# # ##.###.#
###.##.####(# ###...##.# #.##.#
#(# ##.#.#.#.# #.##.# #.#
#........#####.##.# #(#
##.#.#............####.#


You could see 2 yaks.

Vanquished Creatures
  3 yaks
  Duvessa (D:4)
  Dowan (D:4)
  2 scorpions (D:4)
  An iguana (D:4)
  Ijyb (D:3)
  Terence (D:3)
  3 worker ants
  A worker ant zombie (D:4)
  8 gnolls
  5 adders
  An ooze (D:4)
  A worm (D:3)
  A dart slug (D:1)
  3 leopard geckos (D:1)
  2 orcs
  3 giant cockroaches
  5 goblins
  14 hobgoblins
  10 jackals
  A quokka (D:2)
  9 bats
  5 frilled lizards
  6 kobolds
  6 rats
94 creatures vanquished.

Notes
Turn   | Place    | Note
-------+----------+-------------------------------------------
     0 | D:1      | dvd the Ghoul Fighter began the quest for the Orb.
     0 | D:1      | Reached XP level 1. HP: 19/19 MP: 0/0
    68 | D:1      | Reached XP level 2. HP: 19/26 MP: 1/1
   331 | D:1      | Reached XP level 3. HP: 30/33 MP: 2/2
   905 | D:2      | Found a sacrificial altar of Ru.
   918 | D:2      | Reached XP level 4. HP: 36/40 MP: 3/3
   931 | D:2      | Found a blossoming altar of Fedhas.
  1326 | D:3      | Reached XP level 5. HP: 38/46 MP: 4/4
  1426 | D:3      | Noticed Ijyb
  1437 | D:3      | Killed Ijyb
  1449 | D:3      | Noticed Terence
  1535 | D:3      | Killed Terence
  2042 | D:3      | Reached XP level 6. HP: 49/52 MP: 5/5
  2387 | D:4      | Reached skill level 1 in Dodging
  2402 | D:4      | Found a deep blue altar of Sif Muna.
  2603 | D:4      | Noticed Duvessa
  2603 | D:4      | Noticed Dowan
  2636 | D:4      | Killed Duvessa
  2636 | D:4      | Reached XP level 7. HP: 41/60 MP: 6/6
  2803 | D:4      | Killed Dowan
  2997 | D:4      | Noticed a yak
  2998 | D:4      | Noticed a yak
  3000 | D:4      | Noticed a yak
  3000 | D:4      | Noticed a yak
  3023 | D:4      | Noticed a yak
  3027 | D:4      | Killed a yak
  3043 | D:4      | Killed a yak
  3043 | D:4      | Reached skill level 5 in Fighting
  3043 | D:4      | Reached XP level 8. HP: 25/68 MP: 7/7
  3062 | D:3      | Killed a yak
  3062 | D:3      | Reached skill level 5 in Axes
  3260 | D:3      | Mangled by a yak

Skill      XL: |  1  2  3  4  5  6  7  8 |
---------------+-------------------------+-----
Armour         | 3 4 |  4.6
Axes           | 2 3 4 5 |  5.2
Shields        | 3 4 |  4.9
Fighting       | 4 5 |  5.3
Dodging        | 1 2 |  2.0

Action                   |  1- 3 |  4- 6 |  7- 9 || total
-------------------------+-------+-------+-------++-------
Melee: War axe           |   115 |   225 |    87 ||   427
  Eat: Chunk             |     3 |    24 |    12 ||    39
Armor: Scale mail        |    56 |   102 |    23 ||   181
Dodge: Dodged            |    28 |    84 |    26 ||   138
Block: Shield            |    72 |   144 |    52 ||   268
